HSSL
JEFFERSONVILLE-YOUNGSVILLE CENTRAL HS TROJANS @ MOUNTAIN POINTE HS
05/03/2030
 
TOP OF THE 1ST
Jeffersonville-Youngsville Central HS Trojans batting - Pitching for Mountain Pointe HS : RHP Ken Johnson
Pitching: RHP Ken Johnson
Batting: LHB Tony Chávez 0-0: Ball
1-0: Foul Ball, location: 2F
1-1: Foul Ball, location: 2F
1-2: Strikes out swinging
Batting: RHB Murray Jackson 0-0: Swinging Strike
0-1: Swinging Strike
0-2: Ball
1-2: Strikes out looking
Batting: RHB Glenn Brooks 0-0: Ground out 3-1 (Groundball, 34)
Top of the 1st over - 0 runs, 0 hits, 0 errors, 0 left on base; Jeffersonville-Youngsville Central HS 0 - Mountain Pointe HS 0
BOTTOM OF THE 1ST
Mountain Pointe HS batting - Pitching for Jeffersonville-Youngsville Central HS Trojans : RHP Tim Beach
Pitching: RHP Tim Beach
Batting: LHB Jesús Romero 0-0: Ball
1-0: Foul Ball, location: 2F
1-1: Swinging Strike
1-2: Foul Ball, location: 2F
1-2: SINGLE (Line Drive, 34)
Batting: RHB Reggie Snyder 0-0: Called Strike
0-1: Ball
1-1: Ball
2-1: Ball
3-1: Called Strike
3-2: 2-RUN HOME RUN (Flyball, 7LD), Distance : 374 ft
Batting: LHB Jeff Turner 0-0: Called Strike
0-1: Called Strike
0-2: Strikes out swinging
Batting: RHB Vince Scovell 0-0: Ball
1-0: Called Strike
1-1: Hit by Pitch
Batting: RHB Matt Lehman 0-0: Called Strike
0-1: Ball
1-1: Ball
2-1: Fly out, F4 (Popup, 4D)
Batting: SHB Zach Weaver 0-0: Ball
1-0: Fly out, F8 (Flyball, 8LXD)
Bottom of the 1st over - 2 runs, 2 hits, 0 errors, 1 left on base; Jeffersonville-Youngsville Central HS 0 - Mountain Pointe HS 2
TOP OF THE 2ND
Jeffersonville-Youngsville Central HS Trojans batting - Pitching for Mountain Pointe HS : RHP Ken Johnson
Batting: LHB Steve Parker 0-0: Foul Ball, location: 2F
0-1: Ball
1-1: Foul Ball, location: 2F
1-2: Ball
2-2: Fly out, F7 (Flyball, 7LM)
Batting: RHB Bob Perkins 0-0: Ball
1-0: Ball
2-0: Swinging Strike
2-1: SINGLE (Groundball, 6MD)
Batting: LHB Ed Williams 0-0: Foul Ball, location: 2F
0-1: Called Strike
0-2: Foul Ball, location: 2F
0-2: Ball
1-2: Foul Ball, location: 2F
1-2: Strikes out looking
Batting: RHB Jeff Valentine 0-0: Ball
1-0: Foul Ball, location: 2F
1-1: Ball
2-1: Called Strike
2-2: Strikes out swinging
Top of the 2nd over - 0 runs, 1 hit, 0 errors, 1 left on base; Jeffersonville-Youngsville Central HS 0 - Mountain Pointe HS 2
BOTTOM OF THE 2ND
Mountain Pointe HS batting - Pitching for Jeffersonville-Youngsville Central HS Trojans : RHP Tim Beach
Batting: SHB Jerry Vaughn 0-0: Ball
1-0: Foul Ball, location: 2F
1-1: Foul Ball, location: 2F
1-2: Strikes out swinging
Batting: RHB David Page 0-0: Called Strike
0-1: Called Strike
0-2: Strikes out looking
Batting: RHB Mark Fry 0-0: Ball
1-0: Ball
2-0: Foul Ball, location: 2F
2-1: Swinging Strike
2-2: Foul Ball, location: 2F
2-2: Strikes out swinging
Bottom of the 2nd over - 0 runs, 0 hits, 0 errors, 0 left on base; Jeffersonville-Youngsville Central HS 0 - Mountain Pointe HS 2
TOP OF THE 3RD
Jeffersonville-Youngsville Central HS Trojans batting - Pitching for Mountain Pointe HS : RHP Ken Johnson
Batting: RHB Myron Preston 0-0: Swinging Strike
0-1: Swinging Strike
0-2: Strikes out looking
Batting: RHB John Goudie 0-0: Swinging Strike
0-1: SINGLE (Flyball, 7LS)
Batting: LHB Tony Chávez 0-0: SINGLE (Groundball, 6MD)
John Goudie to second
Batting: RHB Murray Jackson 0-0: Swinging Strike
0-1: Called Strike
0-2: Ball
1-2: Strikes out swinging
Batting: RHB Glenn Brooks 0-0: Ground out 5-3 (Groundball, 56S)
Top of the 3rd over - 0 runs, 2 hits, 0 errors, 2 left on base; Jeffersonville-Youngsville Central HS 0 - Mountain Pointe HS 2
BOTTOM OF THE 3RD
Mountain Pointe HS batting - Pitching for Jeffersonville-Youngsville Central HS Trojans : RHP Tim Beach
Batting: LHB Jesús Romero 0-0: Called Strike
0-1: SINGLE (Flyball, 78S)
Batting: RHB Reggie Snyder 0-0: Ball
1-0: Called Strike
1-1: Called Strike
1-2: Ball
2-2: Foul Ball, location: 2F
2-2: Foul Ball, location: 2F
2-2: DOUBLE (Flyball, 89XD)
Jesús Romero to third
Runner from 3rd tries for Home, SAFE, no throw
Batting: LHB Jeff Turner 0-0: SINGLE (Line Drive, 9S)
Reggie Snyder to third
Batting: RHB Vince Scovell 0-0: Ball
1-0: Ball
2-0: Foul Ball, location: 2F
2-1: Foul Ball, location: 2F
2-2: Foul Ball, location: 2F
2-2: Ball
3-2: SINGLE (Line Drive, 6D)
Reggie Snyder scores
Jeff Turner to second
Batting: RHB Matt Lehman 0-0: Ball
1-0: Fielders Choice at 2nd, 1-6 (Groundball, 13S)
Jeff Turner to third
Batting: SHB Zach Weaver 0-0: Called Strike
0-1: Foul Ball, location: 2F
0-2: Ball
1-2: 3-RUN HOME RUN (Flyball, 9LD), Distance : 360 ft
Batting: SHB Jerry Vaughn 0-0: Foul Ball, location: 2F
0-1: Swinging Strike
0-2: Ball
1-2: Foul Ball, location: 2F
1-2: Ball
2-2: Foul Ball, location: 2F
2-2: Ball
3-2: Foul Ball, location: 2F
3-2: Base on Balls
Batting: RHB David Page 0-0: Foul Ball, location: 2F
0-1: Ball
1-1: Foul Ball, location: 2F
1-2: Ball
2-2: Grounds into double play, 5-4-3 (Groundball, 56)
Bottom of the 3rd over - 5 runs, 5 hits, 0 errors, 0 left on base; Jeffersonville-Youngsville Central HS 0 - Mountain Pointe HS 7
TOP OF THE 4TH
Jeffersonville-Youngsville Central HS Trojans batting - Pitching for Mountain Pointe HS : RHP Ken Johnson
Batting: LHB Steve Parker 0-0: Foul Ball, location: 2F
0-1: SINGLE (Line Drive, 8LS)
Batting: RHB Bob Perkins 0-0: Foul Ball, location: 2F
0-1: Called Strike
0-2: Ball
1-2: Ball
2-2: Strikes out looking
Batting: LHB Ed Williams 0-0: Ball
1-0: Called Strike
1-1: Ball
2-1: Ball
3-1: SINGLE (Line Drive, 8LS)
Steve Parker to second
Batting: RHB Jeff Valentine 0-0: Swinging Strike
0-1: Ball
1-1: Ball
2-1: Ball
3-1: Foul Ball, location: 2F
3-2: Ground out 4-3 (Groundball, 4S)
Steve Parker to third
Ed Williams to second
Batting: RHB Myron Preston 0-0: Foul Ball, location: 2F
0-1: Foul Ball, location: 2F
0-2: Ball
1-2: Ball
2-2: Strikes out swinging
Top of the 4th over - 0 runs, 2 hits, 0 errors, 2 left on base; Jeffersonville-Youngsville Central HS 0 - Mountain Pointe HS 7
BOTTOM OF THE 4TH
Mountain Pointe HS batting - Pitching for Jeffersonville-Youngsville Central HS Trojans : RHP Tim Beach
Batting: RHB Mark Fry 0-0: Called Strike
0-1: Swinging Strike
0-2: Ground out 4-3 (Groundball, 4S)
Batting: LHB Jesús Romero 0-0: Called Strike
0-1: Foul Ball, location: 2F
0-2: Ball
1-2: Ball
2-2: Strikes out looking and he ARGUES THE CALL AND IS TOSSED!
Batting: RHB Reggie Snyder 0-0: Ball
1-0: Called Strike
1-1: SINGLE (Line Drive, 7LS)
Pitching: LHP Gil LaSalle
Batting: LHB Jeff Turner 0-0: Called Strike
0-1: Called Strike
0-2: Ball
1-2: Fly out, F7 (Flyball, 7S)
Bottom of the 4th over - 0 runs, 1 hit, 0 errors, 1 left on base; Jeffersonville-Youngsville Central HS 0 - Mountain Pointe HS 7
TOP OF THE 5TH
Jeffersonville-Youngsville Central HS Trojans batting - Pitching for Mountain Pointe HS : RHP Ken Johnson
Now in RF: Carter MacKey
Batting: RHB John Goudie 0-0: Foul Ball, location: 2F
0-1: SINGLE (Groundball, 56) (infield hit)
Batting: LHB Tony Chávez 0-0: Ball
1-0: Foul Ball, location: 2F
1-1: Foul Ball, location: 2F
1-2: Ball
2-2: Fly out, F4 (Popup, 4D)
Batting: RHB Murray Jackson 0-0: Called Strike
0-1: Swinging Strike
0-2: Foul Ball, location: 2F
0-2: Ball
1-2: Ball
2-2: Strikes out swinging
Batting: RHB Glenn Brooks 0-0: Ball
1-0: Called Strike
1-1: Swinging Strike
1-2: Strikes out swinging
Top of the 5th over - 0 runs, 1 hit, 0 errors, 1 left on base; Jeffersonville-Youngsville Central HS 0 - Mountain Pointe HS 7
BOTTOM OF THE 5TH
Mountain Pointe HS batting - Pitching for Jeffersonville-Youngsville Central HS Trojans : LHP Gil LaSalle
Batting: RHB Vince Scovell 0-0: Called Strike
0-1: Called Strike
0-2: Ball
1-2: Foul Ball, location: 2F
1-2: Fly out, F8 (Line Drive, 8LXD)
Batting: RHB Matt Lehman 0-0: Called Strike
0-1: Foul Ball, location: 2F
0-2: Ball
1-2: Strikes out looking
Batting: SHB Zach Weaver 0-0: Ball
1-0: Called Strike
1-1: Foul Ball, location: 2F
1-2: Foul Ball, location: 2F
1-2: Foul Ball, location: 2F
1-2: Foul Ball, location: 2F
1-2: Ground out U3 (Groundball, 3)
Bottom of the 5th over - 0 runs, 0 hits, 0 errors, 0 left on base; Jeffersonville-Youngsville Central HS 0 - Mountain Pointe HS 7
TOP OF THE 6TH
Jeffersonville-Youngsville Central HS Trojans batting - Pitching for Mountain Pointe HS : RHP Ken Johnson
Pitching: RHP Paul Barteaux
Batting: LHB Steve Parker 0-0: Ball
1-0: Foul Ball, location: 2F
1-1: Ball
2-1: Swinging Strike
2-2: Ball
3-2: SINGLE (Line Drive, 9S)
Batting: RHB Bob Perkins 0-0: Ball
1-0: Ball
2-0: Ball
3-0: Base on Balls
Steve Parker to second
Batting: LHB Ed Williams 0-0: Fielders Choice at 2nd, 3-6 (Groundball, 34)
Steve Parker to third
Batting: RHB Jeff Valentine 0-0: Called Strike
0-1: Ball
1-1: Grounds into double play, 6-4-3 (Groundball, 6)
Top of the 6th over - 0 runs, 1 hit, 0 errors, 1 left on base; Jeffersonville-Youngsville Central HS 0 - Mountain Pointe HS 7
BOTTOM OF THE 6TH
Mountain Pointe HS batting - Pitching for Jeffersonville-Youngsville Central HS Trojans : LHP Gil LaSalle
Batting: SHB Jerry Vaughn 0-0: Called Strike
0-1: Called Strike
0-2: Ball
1-2: Strikes out swinging
Batting: RHB David Page 0-0: Foul Ball, location: 2F
0-1: Ball
1-1: Called Strike
1-2: Foul Ball, location: 2F
1-2: Ground out 1-3 (Groundball, 13)
Batting: RHB Mark Fry 0-0: Ball
1-0: Reached on error, E6 (Groundball, 6)
Batting: RHB Carter MacKey 0-0: Called Strike
0-1: Called Strike
0-2: Strikes out swinging
Bottom of the 6th over - 0 runs, 0 hits, 1 error, 1 left on base; Jeffersonville-Youngsville Central HS 0 - Mountain Pointe HS 7
TOP OF THE 7TH
Jeffersonville-Youngsville Central HS Trojans batting - Pitching for Mountain Pointe HS : RHP Paul Barteaux
Batting: RHB Myron Preston 0-0: Ball
1-0: Ball
2-0: Swinging Strike
2-1: SINGLE (Flyball, 8LS)
Batting: RHB John Goudie 0-0: Ball
1-0: SINGLE (Line Drive, 6M)
Myron Preston to second
Batting: LHB Tony Chávez 0-0: Swinging Strike
0-1: Ball
1-1: Swinging Strike
1-2: Foul Ball, location: 2F
1-2: Grounds into double play, 3-6-3 (Groundball, 3)
Myron Preston to third
Batting: RHB Murray Jackson 0-0: Ball
1-0: Foul Ball, location: 2F
1-1: Ball
2-1: Ball
3-1: Foul Ball, location: 2F
3-2: Strikes out looking
Top of the 7th over - 0 runs, 2 hits, 0 errors, 1 left on base; Jeffersonville-Youngsville Central HS 0 - Mountain Pointe HS 7
BOTTOM OF THE 7TH
Mountain Pointe HS batting - Pitching for Jeffersonville-Youngsville Central HS Trojans : LHP Gil LaSalle
Batting: RHB Reggie Snyder 0-0: Ball
1-0: Ball
2-0: Foul Ball, location: 2F
2-1: Ball
3-1: Foul Ball, location: 2F
3-2: SINGLE (Groundball, 4D)
Batting: LHB Jeff Turner 0-0: DOUBLE (Line Drive, 7LS)
Reggie Snyder to third
Batting: RHB Vince Scovell 0-0: Ball
1-0: Ball
2-0: Called Strike
2-1: Ball
3-1: Foul Ball, location: 2F
3-2: Foul Ball, location: 2F
3-2: Base on Balls
Batting: RHB Matt Lehman 0-0: Fly out, F9 (Flyball, 89M)
Runner from 3rd tags up, SCORES, throw made
Batting: SHB Zach Weaver 0-0: Ball
1-0: Called Strike
1-1: Foul Ball, location: 2F
1-2: Foul Ball, location: 2F
1-2: Ball
2-2: Strikes out swinging
Batting: SHB Jerry Vaughn 0-0: Ball
1-0: Ball
2-0: Fielders Choice at 2nd, 6-4 (Groundball, 6)
Bottom of the 7th over - 1 run, 2 hits, 0 errors, 2 left on base; Jeffersonville-Youngsville Central HS 0 - Mountain Pointe HS 8
TOP OF THE 8TH
Jeffersonville-Youngsville Central HS Trojans batting - Pitching for Mountain Pointe HS : RHP Paul Barteaux
Batting: RHB Glenn Brooks 0-0: Called Strike
0-1: Swinging Strike
0-2: Hit by Pitch
Pinch Runner at 1st Howard Gunther:
Batting: LHB Steve Parker 0-0: Called Strike
0-1: Foul Ball, location: 2F
0-2: Ball
1-2: Foul Ball, location: 2F
1-2: Ball
2-2: Ball
3-2: SINGLE (Groundball, 13) (infield hit)
Howard Gunther to second
Batting: RHB Bob Perkins 0-0: Called Strike
0-1: Ball
1-1: Foul Ball, location: 2F
1-2: Ball
2-2: SINGLE (Flyball, 78M)
Howard Gunther to third
Steve Parker to second
Batting: LHB Ed Williams 0-0: Ball
1-0: Foul Ball, location: 2F
1-1: SINGLE (Flyball, 78S)
Howard Gunther scores
Steve Parker to third
Bob Perkins to second
Batting: RHB Jeff Valentine 0-0: Ball
1-0: Called Strike
1-1: Ball
2-1: Ball
3-1: Called Strike
3-2: Foul Ball, location: 2F
3-2: Base on Balls
Steve Parker scores
Bob Perkins to third
Ed Williams to second
Batting: RHB Myron Preston 0-0: Ball
1-0: Called Strike
1-1: Called Strike
1-2: Foul Ball, location: 2F
1-2: Foul Ball, location: 2F
1-2: DOUBLE (Flyball, 8LD)
Bob Perkins scores
Ed Williams scores
Jeff Valentine to third
Pitching: LHP Dan Baker
Batting: RHB John Goudie 0-0: Ball
1-0: Foul Ball, location: 2F
1-1: Swinging Strike
1-2: Strikes out swinging
Batting: LHB Tony Chávez 0-0: Ball
1-0: Called Strike
1-1: Ball
2-1: Foul Ball, location: 2F
2-2: Ball
Wild Pitch!
Jeff Valentine scores
Myron Preston to third
3-2: SINGLE (Groundball, 34) (infield hit)
Myron Preston scores
Batting: RHB Murray Jackson 0-0: Ball
1-0: Foul Ball, location: 2F
1-1: Foul Ball, location: 2F
1-2: Foul Ball, location: 2F
1-2: Ball
2-2: Fly out, F3 (Popup, 34S)
Batting: RHB Howard Gunther 0-0: Ball
1-0: Ball
2-0: Called Strike
2-1: Ball
3-1: Base on Balls
Tony Chávez to second
Batting: LHB Steve Parker 0-0: Ball
1-0: Ball
2-0: Ball
3-0: Called Strike
3-1: Foul Ball, location: 2F
3-2: SINGLE (Groundball, 6D)
Tony Chávez to third
Howard Gunther to second
Tony Chávez scores
Howard Gunther to third
Batting: RHB Bob Perkins 0-0: Called Strike
0-1: Called Strike
0-2: 3-RUN HOME RUN (Flyball, 7LD), Distance : 349 ft
Batting: LHB Ed Williams 0-0: SINGLE (Groundball, 34D)
Batting: RHB Jeff Valentine 0-0: Ball
1-0: Called Strike
1-1: Called Strike
1-2: Ball
2-2: Foul Ball, location: 2F
2-2: Ground out 4-3 (Groundball, 4MS)
Top of the 8th over - 10 runs, 8 hits, 0 errors, 1 left on base; Jeffersonville-Youngsville Central HS 10 - Mountain Pointe HS 8
BOTTOM OF THE 8TH
Mountain Pointe HS batting - Pitching for Jeffersonville-Youngsville Central HS Trojans : LHP Gil LaSalle
Now at C: Howard Gunther
Batting: RHB David Page 0-0: Ball
1-0: Ball
2-0: Called Strike
2-1: Ball
3-1: Called Strike
3-2: Base on Balls
Pitching: RHP Jerry Billings
Batting: RHB Mark Fry 0-0: Grounds into double play, 6-4-3 (Groundball, 6)
Batting: RHB Carter MacKey 0-0: Swinging Strike
0-1: Swinging Strike
0-2: Strikes out swinging
Bottom of the 8th over - 0 runs, 0 hits, 0 errors, 0 left on base; Jeffersonville-Youngsville Central HS 10 - Mountain Pointe HS 8
TOP OF THE 9TH
Jeffersonville-Youngsville Central HS Trojans batting - Pitching for Mountain Pointe HS : LHP Dan Baker
Batting: RHB Myron Preston 0-0: Foul Ball, location: 2F
0-1: Foul Ball, location: 2F
0-2: SINGLE (Groundball, 6D)
Batting: RHB John Goudie 0-0: Ball
1-0: Called Strike
1-1: Ball
2-1: Ball
3-1: Grounds into double play, 5-4-3 (Groundball, 5)
Batting: LHB Tony Chávez 0-0: Called Strike
0-1: Ball
1-1: Ball
2-1: Ball
3-1: Fly out, F8 (Line Drive, 8LS)
Top of the 9th over - 0 runs, 1 hit, 0 errors, 0 left on base; Jeffersonville-Youngsville Central HS 10 - Mountain Pointe HS 8
BOTTOM OF THE 9TH
Mountain Pointe HS batting - Pitching for Jeffersonville-Youngsville Central HS Trojans : RHP Jerry Billings
Pitching: RHP Marvin Weaver
Batting: RHB Reggie Snyder 0-0: Ball
1-0: Ball
2-0: Foul Ball, location: 2F
2-1: Ball
3-1: Called Strike
3-2: Foul Ball, location: 2F
3-2: SINGLE (Line Drive, 6M)
Batting: LHB Jeff Turner 0-0: Ball
1-0: Fly out, F6 (Popup, 6)
Batting: RHB Vince Scovell 0-0: Ball
1-0: Fly out, F3 (Popup, 3F)
Batting: RHB Matt Lehman 0-0: Ball
1-0: 2-RUN HOME RUN (Flyball, 7D) (Inside the Park)
Batting: SHB Zach Weaver 0-0: Called Strike
0-1: Ball
1-1: SINGLE (Flyball, 7)
Pinch Hitting: SHB Thomas Barnes 0-0: Ball
1-0: Fly out, F9 (Flyball, 9LDF)
Bottom of the 9th over - 2 runs, 3 hits, 0 errors, 1 left on base; Jeffersonville-Youngsville Central HS 10 - Mountain Pointe HS 10
TOP OF THE 10TH
Jeffersonville-Youngsville Central HS Trojans batting - Pitching for Mountain Pointe HS : LHP Dan Baker
Now in LF: Thomas Barnes
Batting: RHB Murray Jackson 0-0: Foul Ball, location: 2F
0-1: Foul Ball, location: 2F
0-2: Fly out, F8 (Flyball, 8RS)
Batting: RHB Howard Gunther 0-0: Ball
1-0: Ball
2-0: Ball
3-0: Called Strike
3-1: Base on Balls
Batting: LHB Steve Parker 0-0: Ball
1-0: Foul Ball, location: 2F
1-1: Swinging Strike
1-2: Ball
2-2: Foul Ball, location: 2F
2-2: Strikes out swinging
Batting: RHB Bob Perkins 0-0: SINGLE (Groundball, 56D)
Howard Gunther to second
Batting: LHB Ed Williams 0-0: DOUBLE (Line Drive, 9LM)
Howard Gunther scores
Bob Perkins to third
Runner from 3rd tries for Home, SAFE, no throw
Batting: RHB Jeff Valentine 0-0: Ball
Wild Pitch!
Ed Williams to third
1-0: Ball
2-0: Ball
3-0: Foul Ball, location: 2F
3-1: SINGLE (Groundball, 6MD)
Ed Williams scores
Batting: RHB Myron Preston 0-0: Ball
1-0: Foul Ball, location: 2F
1-1: Foul Ball, location: 2F
1-2: Strikes out swinging, 2-3 out at first.
Top of the 10th over - 3 runs, 3 hits, 0 errors, 1 left on base; Jeffersonville-Youngsville Central HS 13 - Mountain Pointe HS 10
BOTTOM OF THE 10TH
Mountain Pointe HS batting - Pitching for Jeffersonville-Youngsville Central HS Trojans : RHP Marvin Weaver
Pitching: RHP Héctor Hernández
Batting: RHB David Page 0-0: Ball
1-0: Ball
2-0: Called Strike
2-1: Foul Ball, location: 2F
2-2: Ball
3-2: Fly out, F3 (Popup, 3F)
Batting: RHB Mark Fry 0-0: Ball
1-0: Ball
2-0: Ball
3-0: Base on Balls
Batting: RHB Carter MacKey 0-0: Ball
1-0: Called Strike
1-1: Foul Ball, location: 2F
1-2: Strikes out swinging
Batting: RHB Reggie Snyder 0-0: Ball
1-0: Foul Ball, location: 2F
1-1: Ball
2-1: Ball
3-1: Base on Balls
Mark Fry to second
Batting: LHB Jeff Turner 0-0: Swinging Strike
0-1: Ball
1-1: Ball
2-1: Foul Ball, location: 2F
2-2: Fly out, F7 (Flyball, 7S)
Bottom of the 10th over - 0 runs, 0 hits, 0 errors, 2 left on base; Jeffersonville-Youngsville Central HS 13 - Mountain Pointe HS 10
Saturday, April 7th, 2018 - OOTP Baseball 18.8 Build 76